 Dungeon Crawl Stone Soup version 0.22.2-1-ge965b3a (webtiles) character file.

142 smallpebble the Skirmisher (level 5, -5/46 HPs)
             Began as a Hill Orc Fighter on Apr 6, 2019.
             Was an Initiate of Makhleb.
             Succumbed to an orc wizard's poison
             ... on level 3 of the Dungeon.
             The game lasted 00:07:25 (1822 turns).

smallpebble the Skirmisher (Hill Orc Fighter)       Turns: 1822, Time: 00:07:25

Health: -5/46      AC: 11    Str: 19    XL:     5   Next: 25%
Magic:  5/5        EV:  4    Int:  8    God:    Makhleb [......]
Gold:   83         SH:  9    Dex: 11    Spells: 4/4 levels left

rFire    . . .     SeeInvis .   o - -2 war axe (curse)
rCold    . . .     Gourm    .   g - +0 shield
rNeg     . . .     Faith    .   h - +0 plate armour
rPois    .         Spirit   .   (no helmet)
rElec    .         Reflect  .   (no cloak)
rCorr    .         Harm     .   (no gloves)
MR       .....                  (no boots)
Stlth    ..........             (no amulet)
HPRegen  0.15/turn              (no ring)
MPRegen  0.09/turn              (no ring)

@: lethally poisoned (-5 -> -62)
A: no striking features
a: Renounce Religion


You were on level 3 of the Dungeon.
You worshipped Makhleb.
Makhleb was noncommittal.
You were not hungry.

You visited 1 branch of the dungeon, and saw 3 of its levels.

You collected 83 gold pieces.

Inventory:

Hand Weapons
 a - a +1 war axe
 l - a +0 hand axe
 o - a cursed -2 war axe (weapon)
Armour
 b - a +0 scale mail
 c - a +0 shield
 g - a +0 shield (worn)
 h - a +0 plate armour (worn)
Scrolls
 e - a scroll of identify
 m - a scroll of fog
 p - a scroll of teleportation
Potions
 d - a potion of might
 i - a potion of heal wounds {unknown}
 j - 2 potions of curing {unknown}
 k - a potion of lignification {unknown}
Comestibles
 f - 6 rations


   Skills:
 - Level 3.8 Fighting
 - Level 2.8 Axes
 - Level 3.4 Armour
 + Level 3.4 Dodging
 + Level 0.7 Stealth
 - Level 3.4 Shields


You had 4 spell levels left.
You didn't know any spells.
Your spell library contained the following spells:

 Spells                   Type           Power        Failure   Level  Hunger
 Animate Skeleton         Necr           N/A          100%        1    ##.....
 Apportation              Tloc           #.....       100%        1    ##.....
 Confusing Touch          Hex            #.....       100%        1    ##.....
 Summon Small Mammal      Summ           #...         100%        1    ##.....


Dungeon Overview and Level Annotations

Branches:
Dungeon (3/15)

Altars:
Gozag
Makhleb
Okawaru
Ru
Sif Muna


Message History

The orc wizard hits you but does no damage.
You are more poisoned.
The orc wizard hits you with a dagger of venom.
* * * LOW HITPOINT WARNING * * *
You are more poisoned.
You closely miss the orc wizard.
The orc wizard is heavily wounded.
* * * LOW HITPOINT WARNING * * *
You feel very sick.
The orc wizard hits you but does no damage.
You are more poisoned.
You barely miss the orc wizard.
The orc wizard is heavily wounded.
* * * LOW HITPOINT WARNING * * *
You feel very sick.
The orc wizard hits you but does no damage.
You are more poisoned.
You hit the orc wizard but do no damage.
The orc wizard is heavily wounded.
You die...

........## ##+
..#......######.# #...#
...<.....§...§..# .#...#
..##.....##†##### .....
.........##.# ###._.##
#.##...####.# ###......
#.##...####.###.#...#
..##...#........#ob.#
####...#........@####
####...#................
.......#................
######..................
######........#.#####.#
#.........)...#.# #
#....^........#.#
#.............#.#
#.....<.......#


You could see an orc wizard (mute) and a bat.

Vanquished Creatures
  An orc wizard (D:2)
  4 adders
  2 worms (D:2)
  3 dart slugs
  2 leopard geckos
  4 orcs
  5 bats
  2 giant cockroaches
  9 goblins
  7 hobgoblins
  2 jackals (D:3)
  6 frilled lizards
  9 kobolds
  5 rats (D:1)
61 creatures vanquished.

Notes
Turn   | Place    | Note
-------+----------+-------------------------------------------
     0 | D:1      | smallpebble the Hill Orc Fighter began the quest for the
                  | Orb.
     0 | D:1      | Reached XP level 1. HP: 19/19 MP: 1/1
   103 | D:1      | Reached XP level 2. HP: 23/27 MP: 2/2
   336 | D:1      | Reached skill level 1 in Dodging
   516 | D:1      | Reached XP level 3. HP: 27/33 MP: 3/3
   942 | D:2      | Found an opulent altar of Gozag.
   992 | D:2      | Reached XP level 4. HP: 31/40 MP: 4/4
  1215 | D:2      | Found an iron altar of Okawaru.
  1523 | D:2      | Reached XP level 5. HP: 42/46 MP: 5/5
  1673 | D:3      | Found a burning altar of Makhleb.
  1685 | D:3      | Found a deep blue altar of Sif Muna.
  1771 | D:3      | Became a worshipper of Makhleb the Destroyer
  1805 | D:3      | Found a sacrificial altar of Ru.
  1821 | D:3      | HP: 2/46 [poisoned by an orc wizard]
  1822 | D:3      | Succumbed to an orc wizard's poison

Skill      XL: |  1  2  3  4 |
---------------+-------------+-----
Dodging        | 1 2 3 |  3.4
Fighting       | |  3.8
Axes           | |  2.8
Armour         | |  3.4
Stealth        | |  0.7
Shields        | |  3.4

Action                   |  1- 3 |  4- 6 || total
-------------------------+-------+-------++-------
Melee: War axe           |    90 |   106 ||   196
  Use: Scroll            |       |     4 ||     4
  Eat: Ration            |       |     1 ||     1
       Chunk             |       |     1 ||     1
Armor: Scale mail        |    47 |    24 ||    71
       Plate armour      |       |    48 ||    48
Dodge: Dodged            |    33 |    26 ||    59
Block: Shield            |    53 |    68 ||   121
